 Dungeon Crawl Stone Soup version 0.26-a0-1033-gd598b01645 (webtiles) character file.

Game seed: 1019099133454556025

179 robertstho the Slinger (level 5, -5/35 HPs)
             Began as a Halfling Hunter on Dec 10, 2020.
             Slain by Menkaure (23 damage)
             ... on level 4 of the Dungeon.
             The game lasted 00:04:57 (3025 turns).

robertstho the Slinger (Halfling Hunter)            Turns: 3025, Time: 00:04:58

Health: -5/35      AC:  4    Str: 13    XL:     5   Next: 90%
Magic:  5/5        EV: 15    Int:  9    God:
Gold:   171        SH:  0    Dex: 16    Spells: 4/4 levels left

rFire    . . .     SeeInvis .   a - +1 hunting sling
rCold    . . .     Faith    .   (shield restricted)
rNeg     . . .     Spirit   .   c - +0 leather armour
rPois    .         Reflect  .   (no helmet)
rElec    .         Harm     .   z - scarf {repulsion}
rCorr    .         Rampage  .   f - +0 pair of gloves
Will     +....                  (no boots)
Stlth    ++........             (no amulet)
HPRegen  0.11/turn              (no ring)
MPRegen  0.09/turn              n - ring of willpower

@: repel missiles
A: small, mutation resistance 1
a: no special abilities


You were on level 4 of the Dungeon.
You visited 1 branch of the dungeon, and saw 4 of its levels.

You collected 171 gold pieces.

Inventory:

Hand Weapons
 a - a +1 hunting sling (weapon)
 b - a +0 short sword
 k - a cursed -3 dagger
Missiles
 d - 40 sling bullets
 h - 55 stones (quivered ammo)
Armour
 c - a +0 leather armour (worn)
 f - a +0 pair of gloves (worn)
 r - a scarf of shadows
 z - a scarf of repulsion (worn)
Jewellery
 n - a ring of willpower (right hand)
Scrolls
 j - 2 scrolls of teleportation
 l - 2 scrolls of remove curse
 m - 2 scrolls of enchant armour {unknown}
 p - 2 scrolls of random uselessness {unknown}
 q - 4 scrolls of identify
 u - a scroll of amnesia
 y - 3 scrolls of magic mapping {unknown}
Potions
 e - a potion of invisibility {unknown}
 g - a potion of haste {unknown}
 i - a potion of berserk rage {unknown}
 o - 3 potions of degeneration {unknown}
 t - a potion of heal wounds {unknown}
 v - 3 potions of flight {unknown}
 w - a potion of might {unknown}
 x - a potion of mutation {unknown}


   Skills:
 * Level 2.4 Fighting
 * Level 8.4 Slings
 + Level 1.1 Armour
 + Level 2.4 Dodging
 * Level 2.3 Stealth


You had 4 spell levels left.
You didn't know any spells.
Your spell library contained the following spells:

 Spells                   Type           Power        Failure   Level
 Magic Dart               Conj           #...         45%         1
 Blink                    Tloc           N/A          61%         2
 Call Imp                 Summ           #.......     61%         2
 Slow                     Hex            #.......     61%         2
 Conjure Flame            Conj/Fire      #.......     83%         3
 Mephitic Cloud           Conj/Pois/Air  #.......     83%         3
 Chain Lightning          Conj/Air       #.........   100%        8
 Lehudib's Crystal Spear  Conj/Erth      #.........   100%        8
 Absolute Zero            Ice            #.........   100%        9
 Fire Storm               Conj/Fire      #.........   100%        9


Dungeon Overview and Level Annotations

Branches:
Dungeon (4/15)
 Temple: D:4-7

Altars:
Hepliaklqana
Nemelex Xobeh
Qazlal
Wu Jian
Xom
Yredelemnul

Annotations:
D:4 Menkaure


Innate Abilities, Weirdness & Mutations

You are small and have problems with some larger weapons.
You are somewhat resistant to further mutation.


Message History

You shoot a stone. The stone barely misses Menkaure.
You shoot a stone. The stone hits Menkaure.
Menkaure is heavily damaged.
You shoot a stone. The stone hits Menkaure.
Menkaure is severely damaged.
You shoot a stone. The stone completely misses Menkaure.
Menkaure mumbles, "It doesn't hurt if you pull your brain out of your nose yourself."
Menkaure gestures wildly while chanting.
Menkaure seems to speed up.
You shoot a stone. The stone hits Menkaure.
Menkaure is almost destroyed.
Menkaure calls on the powers of darkness!
Your body is wracked with pain!
You are too injured to fight recklessly!
You are too injured to fight recklessly!
You are too injured to fight recklessly!
You are too injured to fight recklessly!
You feel better. Menkaure hits you!!
Ouch! That really hurt!
You die...

..#... ##..##.....#
..#..((#....#.....#
....(###.........#
##..(#.......#...##
##...(.........##..###
#....................#
.#.(........##.....#
#.M................
#.@................
#..................
...........#.....##.
....##).....###..###
.....# ......##....#
... ..!..
##.....#....## ...#
#.#. ##...........# ..
....#.#.
#............# ...
#...
.###............##


You could see Menkaure (fast).

Vanquished Creatures
  A worker ant (D:3)
  6 adders
  An ufetubus (D:3)
  2 worms
  2 dart slugs (D:1)
  4 leopard geckos
  8 orcs
  9 bats
  5 giant cockroaches
  7 goblins
  5 hobgoblins
  12 kobolds
  2 quokkas
  A ball python (D:3)
  5 frilled lizards
  9 rats
79 creatures vanquished.

Notes
Turn   | Place    | Note
-------+----------+-------------------------------------------
     0 | D:1      | robertstho the Halfling Hunter began the quest for the Orb.
     0 | D:1      | Reached XP level 1. HP: 14/14 MP: 1/1
    53 | D:1      | Reached skill level 6 in Slings
   110 | D:1      | Reached XP level 2. HP: 19/19 MP: 2/2
   295 | D:1      | Reached XP level 3. HP: 13/24 MP: 3/3
   537 | D:1      | Reached skill level 7 in Slings
  1283 | D:2      | Reached XP level 4. HP: 27/29 MP: 4/4
  1384 | D:2      | Found a basalt altar of Yredelemnul.
  1586 | D:3      | Found a shimmering altar of Xom.
  2145 | D:3      | Found a stormy altar of Qazlal.
  2155 | D:3      | Reached XP level 5. HP: 34/34 MP: 5/5
  2188 | D:3      | Reached skill level 8 in Slings
  2265 | D:3      | Reached skill level 1 in Armour
  2926 | D:4      | Found a hazy altar of Hepliaklqana.
  2926 | D:4      | Found an ornate altar of the Wu Jian Council.
  2926 | D:4      | Found a sparkling altar of Nemelex Xobeh.
  3008 | D:4      | Noticed Menkaure
  3025 | D:4      | Slain by Menkaure

Illustrated notes

Levels and vault maps discovered:
D:1:      sevenhm_arrival_forest_fort_large_4, layout_rooms, minmay_vboxes
D:2:      layout_rooms, overflow_temple_1_default,
          chequers_serial_rivers_room_b, mrwooster_statue_mirror
D:3:      layout_basic, nicolae_overflow_hidden_temple, general_overflow_altar,
          old_standard_altar
D:4:      layout_cave_pools, chequers_temple_overflow_statue_of_worship,
          nicolae_ru_awakened_eye, minmay_temple_entry_poolview, uniq_grinder,
          uniq_menkaure

Skill      XL: |  1  2  3  4  5 |
---------------+----------------+-----
Slings         | 6 7 8 |  8.4
Fighting       | 2 |  2.4
Stealth        | 2 |  2.3
Armour         | 1 |  1.1
Dodging        | |  2.4

Action                   |  1- 3 |  4- 6 || total
-------------------------+-------+-------++-------
 Fire: Hunting sling     |   106 |   164 ||   270
  Use: Scroll            |     2 |     2 ||     4
       Potion            |       |     3 ||     3
Armor: Leather armour    |     6 |    13 ||    19
Dodge: Dodged            |    12 |    66 ||    78

Table legend: (Time is in decaauts)
 A = Elapsed time spent in this place.
 B = Non-inter-level travel time spent in this place.
 C = Inter-level travel time spent in this place.
 D = Time resting spent in this place.
 E = Time spent auto-exploring this place.
 F = Levels seen in this place.
 G = Mean time per level.
                   A        B        C        D        E       F      G
               +--------+--------+--------+--------+--------+-----+--------+
         Total |   2978 |   2842 |    136 |    150 |   2215 |   4 |  744.5 |
       Dungeon |   2978 |   2842 |    136 |    150 |   2215 |   4 |  744.5 |
               +--------+--------+--------+--------+--------+-----+--------+

Top non-repeatable levels by time:
     D:3: 1163 daAuts
     D:1: 922 daAuts
     D:2: 752 daAuts
     D:4: 140 daAuts
